 Dungeon Crawl Stone Soup version 0.30-a0-21-g5d08c37080 (webtiles) character file.

Game seed: 11859148002258852036

133 Plasmagod the Ruffian (level 4, -5/35 HPs)
             Began as a Draconian Transmuter on Aug 24, 2022.
             Killed from afar by Blork the orc (10 damage)
             ... with a bolt of light
             ... on level 4 of the Dungeon.
             The game lasted 00:03:47 (2700 turns).

Plasmagod the Ruffian (Draconian Transmuter)        Turns: 2700, Time: 00:03:48

Health: -5/35      AC: 10    Str: 13    XL:     4   Next: 94%
Magic:  6/7        EV: 12    Int: 13    God:
Gold:   145        SH:  0    Dex: 11    Spells: 6/7 levels left

rFire   . . .      SeeInvis .    o - +10 mace of Ogganam {freeze, Fragile rElec rC+++ Int-2}
rCold   + + +      Faith    .    (no shield)
rNeg    . . .      Spirit   .    (body armour unavailable)
rPois   .          Reflect  .    (helmet currently unavailable)
rElec   +          Harm     .    (no cloak)
rCorr   .          Rampage  .    r - +0 pair of gloves
Will    +....                    (boots currently unavailable)
Stlth   +.........               m - amulet of regeneration
HPRegen 0.91/turn                e - +4 ring of protection
MPRegen 0.10/turn                q - ring of willpower

@: appendages (expiring)
A: horns 2, talons 2, AC +5, unfitting armour, cold-blooded
a: End Transformation


You were on level 4 of the Dungeon.
You had temporarily grown beastly horns and talons.
You visited 1 branch of the dungeon, and saw 4 of its levels.

You collected 145 gold pieces.

Inventory:

Hand Weapons
 o - the +10 mace of Ogganam (weapon) {freeze, Fragile rElec rC+++ Int-2}
   (You found it on level 3 of the Dungeon)

   It freezes those it strikes, dealing additional cold damage.
   It can also slow down cold-blooded creatures.
   Int:       It affects your intelligence (-2).
   rC:        It renders you almost immune to cold.
   rElec:     It insulates you from electricity.
   Fragile:   It will be destroyed if unequipped.
Missiles
 h - 7 javelins
Armour
 r - a +0 pair of gloves (worn)
Jewellery
 d - an amulet of faith
 e - a +4 ring of protection (left hand)
 m - an amulet of regeneration (around neck)
 q - a ring of willpower (right hand)
Scrolls
 i - 4 scrolls of identify {unknown}
 j - a scroll of enchant weapon {unknown}
 n - a scroll of immolation {unknown}
 p - a scroll of fog {unknown}
 s - a scroll of blinking {unknown}
Potions
 a - 2 potions of lignification
 b - 5 potions of flight {unknown}
 c - a potion of invisibility {unknown}
 f - 2 potions of heal wounds {unknown}
 g - 2 potions of brilliance {unknown}
 k - a potion of curing {unknown}
 l - a potion of cancellation {unknown}


   Skills:
 - Level 1.1 Fighting
 + Level 3.0 Maces & Flails
 - Level 1.7 Dodging
 - Level 4.6 Unarmed Combat
 - Level 2.0 Spellcasting
 - Level 2.0 Transmutations


You had 6 spell levels left.
You knew the following spells:

 Your Spells              Type           Power      Damage    Failure   Level
a - Beastly Appendage     Tmut           12%        N/A       11%         1

Your spell library contained the following spells:

 Spells                   Type           Power      Damage    Failure   Level
 Wereblood                Tmut           6%         N/A       17%         2
 Spider Form              Tmut/Pois      3%         N/A       45%         3
 Ice Form                 Ice/Tmut       3%         N/A       86%         4


Dungeon Overview and Level Annotations

Branches:
Dungeon (4/15)
 Temple: D:4-7

Altars:

Annotations:
D:3 1 runed translucent door, Crazy Yiuf
D:4 Blork the orc


Innate Abilities, Weirdness & Mutations

You have temporarily grown beastly horns and talons.
Your plain brown scales are hard. (AC +5)
You cannot fit into any form of body armour.
You are cold-blooded and may be slowed by cold attacks.


Message History

The floor.
There is a stone staircase leading down here.
You climb downwards.
You hear the hiss of flowing sand.
There is an entrance to an ossuary on this level.
Hurry and find it before the portal is buried!
The ufetubus shouts!
Blork the orc shouts!
There is a stone staircase leading up here.
You grow a pair of large bovine horns.
Your feet morph into talons.
Blork the orc casts a cantrip, but nothing happens.
An endoplasm comes into view.
The endoplasm quivers.
Blork the orc casts a spell.
Blork the orc seems to speed up.
You sock the ufetubus! You freeze the ufetubus.
You kill the ufetubus!
Your Maces & Flails skill increases to level 3!
You closely miss Blork the orc. You claw Blork the orc.
Blork the orc is lightly wounded.
Your transformation is almost over.
Blork the orc closely misses you.
Blork the orc zaps a wand.
The bolt of light hits you!
You completely miss Blork the orc. Your kick misses Blork the orc.
You headbutt Blork the orc.
Blork the orc is lightly wounded.
Blork the orc points at you and mumbles some strange words.
The magic dart hits you.
Blork the orc frowns.
Blork the orc hits you with a +0 scimitar.
You hit Blork the orc. You freeze Blork the orc.
Blork the orc is heavily wounded.
Blork the orc closely misses you.
Blork the orc hits you with a +0 scimitar.
The endoplasm freezes you.
You are frozen.
You resist.
You sock Blork the orc! You freeze Blork the orc.
Blork the orc is severely wounded.
Blork the orc hits you with a +0 scimitar!
* * * LOW HITPOINT WARNING * * *
Blork the orc zaps a wand.
The bolt of light hits you!
You die...

## ###
###.. ..#
.... #.#
###..# #.#
##..... #.#
......J##<#
......o@..#
##........#
#...#.#.##
#.. #....
#. ###.##
.. #.# #
..# #..


You could see Blork the orc (fast) and an endoplasm.

Vanquished Creatures
  4 adders (D:3)
  5 gnolls
  An ufetubus (D:4)
  3 dart slugs
  2 bats
  An endoplasm (D:1)
  3 giant cockroaches
  2 goblins
  2 hobgoblins (D:1)
  A jackal (D:3)
  3 quokkas
  3 ball pythons
  A frilled lizard (D:2)
  5 kobolds
  5 rats
41 creatures vanquished.

Notes
Turn   | Place    | Note
-------+----------+-------------------------------------------
     0 | D:1      | Plasmagod the Draconian Transmuter began the quest for the
                  | Orb.
     0 | D:1      | Reached XP level 1. HP: 16/16 MP: 3/3
   205 | D:1      | Reached XP level 2. HP: 16/23 MP: 3/5
   383 | D:1      | Reached skill level 4 in Unarmed Combat
   540 | D:1      | Found a faded altar of an unknown god.
  1671 | D:2      | Reached XP level 3. HP: 26/28 MP: 4/6
  1847 | D:2      | You fall into a shaft and drop 1 floor!
  1910 | D:3      | HP: 1/28 [adder (1)]
  1928 | D:3      | Identified the +10 mace of Ogganam {freeze, Fragile rElec
                  | rC+++ Int-2}
  2217 | D:3      | Reached skill level 1 in Maces & Flails
  2249 | D:3      | Reached XP level 4. HP: 35/35 MP: 7/7
  2401 | D:3      | Found a runed translucent door.
  2402 | D:3      | Noticed Crazy Yiuf
  2692 | D:4      | Noticed Blork the orc
  2700 | D:4      | Killed from afar by Blork the orc

Illustrated notes

Levels and vault maps discovered:
D:1:      eino_arrival_cavern_e, layout_loops_cross, serial_forest,
          infiniplex_forest_end_2, infiniplex_forest_end_2,
          infiniplex_forest_clump_curved, infiniplex_forest_end_1,
          shapermc_ecumenical_altar_flowoftime,
          hangedman_abyss_or_decor_lesser_grid, dk_noncrumbling_2
D:2:      layout_basic
D:3:      layout_rooms, st_stairs_13, uniq_crazy_yiuf_cottage
D:4:      layout_loops_cross, lemuel_tele_altar, lemuel_crystal_altar,
          minitemple, nicolae_ossuary_entry_giza, uniq_blork_the_orc

Skill      XL: |  1  2  3  4 |
---------------+-------------+-----
Unarmed Combat | 4 |  4.6
Maces & Flails | 1 3 |  3.0
Fighting       | |  1.1
Dodging        | |  1.7
Spellcasting   | |  2.0
Transmutations | |  2.0

Action                   |  1- 3 |  4- 6 || total
-------------------------+-------+-------++-------
Melee: Unarmed           |    78 |       ||    78
       Kick              |    17 |     2 ||    19
       Tailslap          |     8 |     2 ||    10
       Headbutt          |     5 |     2 ||     7
       Punch             |     3 |       ||     3
       Mace              |    11 |    25 ||    36
Throw: Javelin           |     2 |       ||     2
 Cast: Beastly Appendage |    20 |     5 ||    25
Armor: Skin              |    28 |    13 ||    41
Dodge: Dodged            |    57 |    22 ||    79

Table legend: (Time is in decaauts)
 A = Elapsed time spent in this place.
 B = Non-inter-level travel time spent in this place.
 C = Inter-level travel time spent in this place.
 D = Time resting spent in this place.
 E = Time spent auto-exploring this place.
 F = Levels seen in this place.
 G = Mean time per level.
                   A        B        C        D        E       F      G
               +--------+--------+--------+--------+--------+-----+--------+
         Total |   2704 |   2620 |     84 |      0 |   2311 |   4 |  676.0 |
       Dungeon |   2704 |   2620 |     84 |      0 |   2311 |   4 |  676.0 |
               +--------+--------+--------+--------+--------+-----+--------+

Top non-repeatable levels by time:
     D:1: 1386 daAuts
     D:3: 852 daAuts
     D:2: 457 daAuts
     D:4: 8 daAuts
